 Dungeon Crawl Stone Soup version 0.31.0-9-g3a7656b989 (webtiles) character file.

Game seed: 6804375410866168549

202 qw the Skirmisher (level 5, 0/29 HPs)
             Began as a Deep Elf Hunter on Feb 2, 2024.
             Incinerated by a bombardier beetle (3 damage)
             ... with a burning spray
             ... on level 4 of the Dungeon.
             The game lasted 00:00:10 (2583 turns).

qw the Skirmisher (Deep Elf Hunter)                 Turns: 2583, Time: 00:00:11

Health: 0/29       AC: 10    Str: 10    XL:     5   Next: 50%
Magic:  0/7        EV:  9    Int: 14    God:
Gold:   91         SH:  0    Dex: 18    Spells: 4/4 levels left

rFire   . . .        a - +1 shortbow
rCold   . . .        (shield currently unavailable)
rNeg    . . .        h - +0 scale mail
rPois   .            (no helmet)
rElec   +            (no cloak)
rCorr   .            d - +3 pair of gloves "Lopha" {rElec}
SInv    .            (no boots)
Will    .....        c - amulet of guardian spirit
Stlth   +            (no ring)
HPRegen 0.24/turn    (no ring)
MPRegen 0.10/turn

%: guardian spirit
@: on fire, glowing
A: no striking features
a: no special abilities


You were on level 4 of the Dungeon.
You visited 1 branch of the dungeon, and saw 4 of its levels.

You collected 210 gold pieces.
You spent 119 gold pieces at shops.


   Skills:
 - Level 1.5 Fighting
 - Level 9.0 Ranged Weapons
 + Level 0.0 Armour
 - Level 2.4 Dodging
 - Level 1.2 Stealth


You had 4 spell levels left.
You didn't know any spells.
Your spell library was empty.

Inventory:

Hand Weapons
 a - a +1 shortbow (weapon)
Armour
 d - the +3 pair of gloves "Lopha" (worn) {rElec}
   (You found it on level 3 of the Dungeon)

   rElec:     It insulates you from electricity.
 h - a +0 scale mail (worn)
Jewellery
 c - an amulet of guardian spirit (around neck)
 e - a ring of ice
Wands
 b - a wand of charming (5)
Potions
 g - a potion of enlightenment
 k - 2 potions of curing

Dungeon Overview and Level Annotations

Branches:
Dungeon (4/15)
 Temple: D:4-7

Altars:
Nemelex Xobeh

Shops:
D:2 [   D:3 (


Message History

Found a stone staircase leading down.
There is a stone staircase leading up here.
A bombardier beetle is nearby!
Waypoint 3 assigned to D:4.
You shoot an arrow.
The arrow closely misses the bombardier beetle.
You shoot an arrow. The arrow hits the bombardier beetle.
The bombardier beetle is moderately wounded.
You shoot an arrow.
The arrow hits the bombardier beetle but does no damage.
The bombardier beetle is moderately wounded.
The bombardier beetle sprays incendiary fluid at you.
The burning spray hits you.
You are covered in liquid fire!
You shoot an arrow.
The arrow completely misses the bombardier beetle.
The liquid fire burns you! The bombardier beetle bites you.
You shoot an arrow. The arrow hits the bombardier beetle.
The bombardier beetle is heavily wounded.
The liquid fire burns you!
You shoot an arrow.
The arrow hits the bombardier beetle but does no damage.
The bombardier beetle is heavily wounded.
The liquid fire burns you!
The bombardier beetle bites you but does no damage.
You shoot an arrow. The arrow hits the bombardier beetle.
The bombardier beetle is almost dead.
The liquid fire burns you!
The bombardier beetle bites you but does no damage.
You shoot an arrow. The arrow hits the bombardier beetle.
You kill the bombardier beetle!
The liquid fire burns you!
Your Ranged Weapons skill increases to level 9!
You are on fire!
The liquid fire burns you!
You are on fire!
The liquid fire burns you!
You are on fire!
The liquid fire burns you!
You die...

..... .....
...>.. ......
......# ......!
#
.......####....
.......@....#
###...#....##
#.. ..##.# #.
..## # # ...
.... #...# .$..


There were no monsters in sight!

Vanquished Creatures
  A bombardier beetle (D:4)
  2 orc wizards
  4 adders
  3 dart slugs
  2 ribbon worms
  3 orcs
  4 ball pythons
  5 endoplasms
  3 giant cockroaches
  7 goblins
  6 hobgoblins
  6 kobolds
  5 quokkas
  6 bats
  4 frilled lizards
  4 rats
65 creatures vanquished.

Notes
Turn   | Place    | Note
-------+----------+-------------------------------------------
     0 | D:1      | qw the Deep Elf Hunter began the quest for the Orb.
     0 | D:1      | Reached XP level 1. HP: 12/12 MP: 3/3
     0 | D:1      | 0 ||| qw: Version: 0.3-a-155-g5e7d8dd
     0 | D:1      | 0 ||| qw: Game counter: 1611
     0 | D:1      | 0 ||| qw: Melee chars always use a shield: true
     0 | D:1      | 0 ||| qw: God list: Okawaru
     0 | D:1      | 0 ||| qw: Allow faded altars: false
     0 | D:1      | 0 ||| qw: Do Orc after clearing Dungeon:15 true
     0 | D:1      | 0 ||| qw: Do second Lair branch before Depths: true
     0 | D:1      | 0 ||| qw: Lair rune preference: random
     0 | D:1      | 0 ||| qw: Goals: Normal
     0 | D:1      | 0 ||| PLANNING D:1-11
   150 | D:1      | Reached skill level 6 in Ranged Weapons
   150 | D:1      | Reached XP level 2. HP: 16/16 MP: 4/4
   939 | D:1      | 939 ||| UPGRADING to +0 scale mail.
   949 | D:1      | 949 ||| DROPPING +0 leather armour.
   950 | D:1      | 950 ||| READING scroll labelled QYSTRU JUMA.
   951 | D:1      | 951 ||| READING scroll labelled HAYPHOR EHOXAO.
   952 | D:1      | 952 ||| READING 2 scrolls labelled LIYDWUJEED.
   952 | D:1      | 952 ||| IDENTIFYING fizzy inky potion
   953 | D:1      | 953 ||| READING scroll of identify.
   953 | D:1      | 953 ||| IDENTIFYING 2 brown potions
   954 | D:1      | 954 ||| READING scroll labelled RAIVOC RIUS.
   954 | D:1      | 954 ||| ENCHANTING +0 shortbow.
   955 | D:1      | 955 ||| DROPPING scroll of butterflies.
   956 | D:1      | 956 ||| DROPPING 2 potions of berserk rage.
  1050 | D:2      | 1050 ||| FLEEEEING.
  1051 | D:2      | 1051 ||| FLEEEEING.
  1058 | D:2      | 1058 ||| FLEEEEING.
  1059 | D:2      | 1059 ||| FLEEEEING.
  1060 | D:2      | 1060 ||| FLEEEEING.
  1061 | D:2      | 1061 ||| FLEEEEING.
  1062 | D:2      | 1062 ||| FLEEEEING.
  1063 | D:2      | 1063 ||| FLEEEEING.
  1065 | D:2      | Reached XP level 3. HP: 19/20 MP: 5/5
  1221 | D:2      | Reached skill level 7 in Ranged Weapons
  1225 | D:2      | HP: 5/20 [poisoned by an adder]
  1226 | D:2      | 1226 ||| DRINKING potion of heal wounds.
  1417 | D:2      | Reached XP level 4. HP: 25/25 MP: 6/6
  1437 | D:2      | Found Goehe's Antique Armour Shoppe.
  1443 | D:2      | 1443 ||| BUYING ichor-stained robe (119 gold).
  1443 | D:2      | Bought an ichor-stained robe for 119 gold pieces
  1443 | D:2      | Identified the +1 robe "Raagiat" {*Slow +Inv Str+6} (You
                  | bought it in a shop on level 2 of the Dungeon)
  1443 | D:2      | 1443 ||| SHOPLISTING ring mail (84 gold, have 0).
  1641 | D:2      | 1641 ||| DROPPING +1 robe "Raagiat" {*Slow +Inv Str+6}.
  1642 | D:2      | 1642 ||| UPGRADING to amulet of guardian spirit.
  1647 | D:2      | 1647 ||| READING scroll of identify.
  1647 | D:2      | 1647 ||| IDENTIFYING green potion
  1648 | D:2      | 1648 ||| READING scroll labelled SUVEDO DOETTYR.
  1649 | D:2      | 1649 ||| READING scroll labelled TEOPAK KUYTOF.
  1686 | D:2      | 1686 ||| DROPPING potion of degeneration.
  1717 | D:3      | 1717 ||| STAIRDANCE
  1723 | D:2      | Reached skill level 8 in Ranged Weapons
  1741 | D:3      | 1741 ||| STAIRDANCE
  1771 | D:3      | 1771 ||| DRINKING blue potion.
  1776 | D:3      | Reached XP level 5. HP: 27/29 MP: 3/7
  1917 | D:3      | Identified the +3 pair of gloves "Lopha" {rElec}
  1993 | D:3      | Found a faded altar of an unknown god.
  2089 | D:3      | Found a sparkling altar of Nemelex Xobeh.
  2176 | D:3      | Found Boag's Weapon Shop.
  2550 | D:3      | 2550 ||| UPGRADING to +3 pair of gloves "Lopha" {rElec}.
  2555 | D:3      | 2555 ||| READING 2 scrolls of identify.
  2555 | D:3      | 2555 ||| IDENTIFYING dark potion
  2556 | D:3      | 2556 ||| READING scroll of identify.
  2556 | D:3      | 2556 ||| IDENTIFYING scroll labelled UXTOEH POEKHLOJY
  2557 | D:3      | 2557 ||| READING scroll labelled GAW WIACVYQEC.
  2558 | D:3      | 2558 ||| DROPPING scroll of amnesia.
  2581 | D:4      | Reached skill level 9 in Ranged Weapons
  2581 | D:4      | HP: 6/29 [burnt (3)]
  2583 | D:4      | Incinerated by a bombardier beetle

Levels and vault maps discovered:
D:1:      erik_arrival_cave_to_civilisation [erik_arrival_cave_to_hall],
          layout_basic, wander_ebering_terrifying_dragon_lair
D:2:      layout_basic, serial_shops, nicolae_shop_tiny_glass,
          minmay_gold_behind_fungi, st_stairs_10, minmay_splitting_lines,
          dk_vineyard_2, minivault_23, grunt_ministairs_2, corner_web_ring
D:3:      layout_basic, mainiacjoe_overflow_24_doors, serial_shops, shop,
          shapermc_ecumenical_altar_mp_highgroup, kennysheep_another_room,
          feat_on_display
D:4:      layout_rooms, regret_index_temple_of_mockery, serial_shops, shop

Skill      XL: |  1  2  3  4  5 |
---------------+----------------+-----
Ranged Weapons | 6 7 8 9 |  9.0
Fighting       | |  1.5
Dodging        | |  2.4
Stealth        | |  1.2

Action                     |  1- 3 |  4- 6 || total
---------------------------+-------+-------++-------
   Fire: Shortbow          |   115 |    99 ||   214
    Use: Scroll            |     5 |     6 ||    11
         Potion            |     1 |     1 ||     2
 Armour: Leather armour    |     8 |       ||     8
         Scale mail        |    30 |    34 ||    64
  Dodge: Dodged            |    25 |    19 ||    44

Table legend:
 A = Non-vault XP
 B = Vault XP
 C = Vault XP percentage of total XP
 D = Non-vault monster count
 E = Vault monster count
 F = Vault count percentage of total count
                 A         B        C        D         E       F
            +---------+---------+-------+---------+---------+-------
      Total |     260 |      29 |  10.0 |      55 |      10 |  15.4
            +---------+---------+-------+---------+---------+-------
        D:1 |      24 |       5 |  17.2 |      11 |       3 |  21.4
        D:2 |     108 |      24 |  18.2 |      25 |       7 |  21.9
        D:3 |      80 |       0 |   0.0 |      18 |       0 |   0.0
        D:4 |      48 |       0 |   0.0 |       1 |       0 |   0.0
            +---------+---------+-------+---------+---------+-------
